 Dungeon Crawl Stone Soup version 0.24-a0-769-g368c1644f8 (webtiles) character file.

Game seed: 6077819049133533430, levelgen mode: deterministic

156159 Ablot the Spry (level 17, -3/133 HPs)
             Began as a Gnoll Skald on Oct 5, 2019.
             Was the Champion of Okawaru.
             Killed from afar by a shock serpent (17 damage)
             ... with a bolt of electricity
             ... on level 4 of the Snake Pit.
             The game lasted 02:35:17 (30361 turns).

Ablot the Spry (Gnoll Skald)                       Turns: 30361, Time: 02:35:17

Health: -3/133     AC: 24    Str: 26    XL:     17   Next: 66%
Magic:  25/33      EV: 31    Int: 24    God:    Okawaru [******]
Gold:   2868       SH: 10    Dex: 20    Spells: 15/40 levels left

rFire    x . .     SeeInvis .   b - +2 demon trident (elec)
rCold    . . .     Gourm    .   A - +1 buckler {AC+3}
rNeg     + + +     Faith    .   R - +2 ring mail {MR+}
rPois    +         Spirit   .   P - +2 helmet {Int+3}
rElec    .         Reflect  .   e - +0 cloak {rPois}
rCorr    .         Harm     .   T - +2 pair of gloves {Str+3}
MR       ++...                  Z - +0 pair of boots of Amelioration {*Contam rF- rN+++ Int+4}
Stlth    ++++++....             D - amulet of regeneration
HPRegen  1.72/turn              z - +3 ring of evasion
MPRegen  0.23/turn              N - +4 ring of dexterity

@: mighty, heroism, shrouded, regenerating, studying Dodging
A: distributed training, fangs 1, strong nose
a: Heroism, Finesse, Renounce Religion


You were on level 4 of the Snake Pit.
You worshipped Okawaru.
Okawaru was exalted by your worship.
You were very hungry.

You visited 5 branches of the dungeon, and saw 28 of its levels.
You also visited: Sewer, Ossuary and Volcano.

You collected 3582 gold pieces.
You spent 714 gold pieces at shops.

Inventory:

Hand Weapons
 a - a +9 quick blade of piercing
 b - a +2 demon trident of electrocution (weapon)
 c - a +2 hand crossbow of velocity
 d - the +7 mace of Variability {chain chaos}
   (You found it on level 13 of the Dungeon)

   Each time it hits an enemy it has a different, random effect.
Missiles
 h - 5 throwing nets
 k - 56 poisoned darts (quivered)
 s - 752 arrows
 t - 397 bolts
 O - 8 curare-tipped darts
 S - 229 sling bullets
Armour
 e - a +0 cloak of poison resistance (worn)
 A - a +1 buckler of protection (worn)
 P - a +2 helmet of intelligence (worn)
 R - a +2 ring mail of magic resistance (worn)
 T - a +2 pair of gloves of strength (worn)
 Y - a scarf of resistance
 Z - the +0 pair of boots of Amelioration (worn) {*Contam rF- rN+++ Int+4}
   (Okawaru gifted it to you on level 2 of the Snake Pit)

   It affects your intelligence (+4).
   It makes you vulnerable to fire.
   It renders you almost immune to negative energy.
   It causes magical contamination when unequipped.
Jewellery
 o - an uncursed ring of see invisible
 z - a +3 ring of evasion (left hand)
 D - an amulet of regeneration (around neck)
 N - a +4 ring of dexterity (right hand)
Wands
 f - a wand of clouds (8)
 l - a wand of iceblast (12)
 m - a wand of acid (26)
 F - a wand of enslavement (19)
 L - a wand of disintegration (19)
 M - a wand of scattershot (14)
 W - a wand of digging (6)
Scrolls
 g - a scroll of silence
 i - 10 scrolls of teleportation
 q - 6 scrolls of magic mapping
 x - 3 scrolls of fog
 y - 3 scrolls of immolation
 B - 11 scrolls of fear
 J - 4 scrolls of identify
 Q - 8 scrolls of remove curse
 U - 6 scrolls of blinking
Potions
 j - 22 potions of curing
 n - 4 potions of ambrosia
 p - 4 potions of might
 u - 9 potions of flight
 v - 4 potions of heal wounds
 w - 4 potions of lignification
 C - 4 potions of berserk rage
 E - 4 potions of magic
 G - 3 potions of agility
 I - a potion of resistance
 K - 2 potions of mutation
Books
 X - a manual of Dodging
Miscellaneous
 r - a lightning rod (4/4)
Comestibles
 V - 53 rations


   Skills:
 + Level 12.2(17.2) Fighting
 + Level 11.5(16.5) Short Blades
 + Level 11.5(16.5) Long Blades
 + Level 11.5(16.5) Axes
 + Level 11.5(16.5) Maces & Flails
 + Level 12.2(17.2) Polearms
 + Level 11.5(16.5) Staves
 + Level 11.5(16.5) Slings
 + Level 11.5(16.5) Bows
 + Level 11.5(16.5) Crossbows
 + Level 11.5(16.5) Throwing
 + Level 11.7(16.7) Armour
 + Level 15.6(20.6) Dodging
 + Level 11.5(16.5) Stealth
 + Level 11.5(16.5) Shields
 + Level 11.5(16.5) Unarmed Combat
 + Level 12.4 Spellcasting
 + Level 9.8 Conjurations
 + Level 9.8 Hexes
 + Level 11.1 Charms
 + Level 9.8 Summonings
 + Level 9.8 Necromancy
 + Level 9.8 Translocations
 + Level 9.8 Transmutations
 + Level 9.8 Fire Magic
 + Level 9.8 Ice Magic
 + Level 9.8 Air Magic
 + Level 9.8 Earth Magic
 + Level 9.8 Poison Magic
 + Level 12.4 Invocations
 + Level 11.5 Evocations


You had 15 spell levels left.
You knew the following spells:

 Your Spells              Type           Power        Failure   Level  Hunger
a - Infusion              Chrm           ####         1%          1    None
b - Song of Slaying       Chrm           ######..     1%          2    None
c - Shroud of Golubria    Chrm/Tloc      ######       1%          2    None
d - Regeneration          Chrm/Necr      ######....   1%          3    None
e - Spectral Weapon       Hex/Chrm       ######..     1%          3    None
f - Blink                 Tloc           N/A          1%          2    None
g - Conjure Flame         Conj/Fire      ######..     1%          3    None
h - Mephitic Cloud        Conj/Pois/Air  ######..     1%          3    None
i - Slow                  Hex            ######..     1%          2    None
j - Olgreb's Toxic Radia  Pois           ######..     1%          4    None

Your spell library contained the following spells:

 Spells                   Type           Power        Failure   Level  Hunger
 Magic Dart               Conj           ####         1%          1    None
 Sting                    Conj/Pois      ####         1%          1    None
 Call Imp                 Summ           ######..     1%          2    None
 Poisonous Vapours        Pois/Air       ######       1%          2    None
 Venom Bolt               Conj/Pois      ######....   2%          5    ###....


Dungeon Overview and Level Annotations

Branches:
Dungeon (15/15)            Temple (1/1) D:4            Lair (6/6) D:9
 Shoals (0/4) Lair:4        Snake (4/4) Lair:2        Slime (0/5) Lair:5
    Orc (2/2) D:12            Elf (0/3) Orc:2        Vaults (0/5) D:13
 Depths (0/5) D:15          Sewer (visited)         Ossuary (visited)
Volcano (visited)

Altars:
Ashenzari
Cheibriados
Dithmenos
Elyvilon
Fedhas
Gozag
Hepliaklqana
Kikubaaqudgha
Makhleb
Nemelex Xobeh
Okawaru
Qazlal
Ru
Sif Muna
Trog
Uskayaw
Vehumet
Wu Jian
Xom
Yredelemnul
Zin
The Shining One
Beogh
Jiyva

Shops:
Orc:1 ?   Orc:2 [((!   Snake:1 [?

Annotations:
D:1 Fire blocking gold


Innate Abilities, Weirdness & Mutations

Your experience applies equally to all skills.
You have very sharp teeth.
Your uncanny sense of smell can sniff out nearby items.


Message History

Okawaru accepts your kill.
The shock serpent shoots out a bolt of lightning at you!
The bolt of electricity hits you!
You are feeling very hungry.
Items here: ( ))))))))) [[[[ ††† You miss the shock serpent.
The shock serpent shoots out a bolt of lightning at you!
The bolt of electricity hits you! The bolt of electricity hits you!!
* * * LOW HITPOINT WARNING * * *
The bolt of electricity hits the shock serpent.
The shock serpent completely resists.
You hit the shock serpent. Your bite misses the shock serpent.
The shock serpent is lightly wounded.
The shock serpent's electric aura discharges, shocking you!
* * * LOW HITPOINT WARNING * * *
The shock serpent shoots out a bolt of lightning at you!
The bolt of electricity hits you!
* * * LOW HITPOINT WARNING * * *
The bolt of electricity hits you!
You die...

##.....).#### #......#
##### #......)##
#......# #.......##
#...#..# ##.......####
#......#
#..........#####......#
##.....................
###..........#........
####.......#).......
#####..))@.......
######S.....# ......#
......# ..#...# ......#
......# .... ..


You could see a shock serpent.

Vanquished Creatures
  Frances (Snake:1)
  Kirke (Lair:4)
  Agnes (D:15)
  The ghost of Zoynir the Markscentaur, an adept CeHu of Okawaru (Snake:2)
  3 nagarajas (Snake:4)
  The ghost of Faeck the Covert, a journeyman OpEE of Nemelex Xobeh (D:13)
  An orc warlord (D:12)
  Snorg (D:14)
  A fire dragon (Lair:6)
  14 naga warriors
  Harold (Orc:1)
  7 hydras
  4 anacondas
  2 centaur warriors (D:13)
  A dancing weapon (D:13)
  2 tengu warriors
  4 death yaks (D:12)
  6 two-headed ogres
  10 shock serpents
  5 orc high priests (Orc:2)
  9 naga sharpshooters
  A hell knight (Volcano)
  2 skeletal warriors (D:15)
  A deep troll (D:13)
  3 unseen horrors
  4 naga ritualists
  A phantasmal warrior (D:15)
  A wizard (D:13)
  A necromancer (D:15)
  A lindwurm (Lair:6)
  11 orc knights
  13 mana vipers
  2 orc sorcerers
  15 salamanders
  A frost giant zombie (D:15)
  7 ugly things
  6 cyclopes
  10 elephants (Lair:4)
  A manticore (D:13)
  A stone giant zombie (D:15)
  Maurice (D:11)
  Joseph (Lair:1)
  17 naga magi
  6 guardian serpents
  29 black mambas
  2 centaur zombies
  The ghost of Thargor the Magician, a novice DEFE of Vehumet (D:6)
  A gargoyle (D:12)
  A smoke demon (Volcano)
  4 molten gargoyles
  A yaktaur zombie (D:15)
  10 spiny frogs
  A rime drake (shapeshifter) (D:13)
  A spriggan zombie (D:15)
  9 komodo dragons
  A yaktaur (shapeshifter) (D:13)
  2 freezing wraiths
  A red devil (Volcano)
  2 tengu conjurers
  2 polar bears
  4 trolls
  3 slime creatures
  The ghost of highc0 the Slasher, an amateur HuWr (D:4)
  A snapping turtle (Lair:4)
  6 blink frogs
  A blink frog (shapeshifter) (D:13)
  8 hippogriffs
  A water elemental (D:14)
  A vampire (D:15)
  4 wyverns
  38 yaks
  2 fire bats (Volcano)
  A human (D:9)
  4 hogs (D:9)
  3 hungry ghosts
  6 basilisks
  A steam dragon (Lair:6)
  3 chaos spawn (D:13)
  64 nagas
  3 acid dragons
  2 wargs
  A soldier ant (D:12)
  5 hell hounds
  13 water moccasins
  The ghost of Kairok the Sneak, an amateur VSAs (D:3)
  45 orc warriors
  2 porcupines
  2 sky beasts
  6 ice beasts
  3 black bears (D:9)
  3 boggarts (D:15)
  13 ogres
  2 phantoms (D:7)
  7 wolves
  19 centaurs
  7 crocodiles
  3 big kobolds
  Blork the orc (D:6)
  17 bullfrogs
  A wyvern zombie (D:9)
  A water moccasin zombie (D:7)
  A wyvern skeleton (D:14)
  6 scorpions
  24 wights
  3 killer bees (D:11)
  2 electric eels
  6 crimson imps
  12 lava snakes
  9 howler monkeys
  35 orc priests
  7 hounds
  11 jellies
  24 orc wizards
  4 bullfrog zombies
  10 centaur skeletons
  3 human zombies (Ossuary)
  4 bullfrog skeletons
  Terence (D:3)
  6 iguanas
  9 worker ants
  A killer bee zombie (D:5)
  3 big kobold zombies (Ossuary)
  2 hound skeletons
  2 mummies (Ossuary)
  A howler monkey zombie (D:7)
  2 worker ant zombies
  18 adders
  3 gnolls
  7 river rats (Sewer)
  3 shadow imps
  2 white imps
  A worker ant simulacrum (D:10)
  3 ufetubi
  16 oozes
  2 worms
  4 dart slugs
  14 leopard geckos
  136 orcs
  5 bats
  7 giant cockroaches
  10 hobgoblins
  7 jackals
  8 quokkas
  5 ball pythons (Sewer)
  5 frilled lizards
  2 gnoll zombies (Ossuary)
  16 goblins
  3 hobgoblin zombies (Ossuary)
  A jackal skeleton (D:9)
  23 kobolds
  2 leopard gecko skeletons
  3 orc zombies (Ossuary)
  A quokka skeleton (D:4)
  35 rats
  A plant (Lair:6)
  2 spectral weapons
1093 creatures vanquished.

Vanquished Creatures (others)
  A steam dragon (Lair:6)
  A naga (Snake:2)
  An ufetubus (D:14)
  7 fungi
  31 spectral weapons
41 creatures vanquished.

Grand Total: 1134 creatures vanquished

Notes
Turn   | Place    | Note
-------+----------+-------------------------------------------
     0 | D:1      | Ablot the Gnoll Skald began the quest for the Orb.
     0 | D:1      | Reached XP level 1. HP: 20/20 MP: 6/6
   101 | D:1      | Reached XP level 2. HP: 23/26 MP: 2/7
   117 | D:1      | Learned a level 2 spell: Song of Slaying
   120 | D:1      | Learned a level 2 spell: Shroud of Golubria
   281 | D:1      | Reached XP level 3. HP: 23/31 MP: 9/9
   314 | D:1      | Reached skill level 5 in Spellcasting
   475 | D:1      | Learned a level 3 spell: Regeneration
   479 | D:1      | Learned a level 3 spell: Spectral Weapon
   853 | D:2      | Reached skill level 1 in Invocations
   912 | D:2      | Reached skill level 1 in Short Blades
   912 | D:2      | Reached skill level 1 in Long Blades
   912 | D:2      | Reached skill level 1 in Axes
   912 | D:2      | Reached skill level 1 in Maces & Flails
   912 | D:2      | Reached skill level 1 in Staves
   912 | D:2      | Reached skill level 1 in Slings
   912 | D:2      | Reached skill level 1 in Bows
   912 | D:2      | Reached skill level 1 in Crossbows
   912 | D:2      | Reached skill level 1 in Throwing
   912 | D:2      | Reached skill level 1 in Stealth
   912 | D:2      | Reached skill level 1 in Shields
   912 | D:2      | Reached skill level 1 in Unarmed Combat
   912 | D:2      | Reached skill level 1 in Evocations
   923 | D:2      | Reached XP level 4. HP: 33/38 MP: 4/11
   950 | D:2      | Reached skill level 1 in Conjurations
   950 | D:2      | Reached skill level 1 in Hexes
   950 | D:2      | Reached skill level 1 in Summonings
   950 | D:2      | Reached skill level 1 in Necromancy
   950 | D:2      | Reached skill level 1 in Translocations
   950 | D:2      | Reached skill level 1 in Transmutations
   950 | D:2      | Reached skill level 1 in Fire Magic
   950 | D:2      | Reached skill level 1 in Ice Magic
   950 | D:2      | Reached skill level 1 in Air Magic
   950 | D:2      | Reached skill level 1 in Earth Magic
   950 | D:2      | Reached skill level 1 in Poison Magic
  1306 | D:2      | Reached XP level 5. HP: 43/43 MP: 7/12
  1711 | D:2      | Found a stormy altar of Qazlal.
  1850 | D:3      | Noticed Terence
  1872 | D:3      | Killed Terence
  1908 | D:3      | Reached XP level 6. HP: 10/50 MP: 5/13
  2320 | D:3      | Found a glowing drain.
  2325 | Sewer    | Entered a sewer
  2357 | Sewer    | Reached skill level 5 in Fighting
  2357 | Sewer    | Reached skill level 5 in Polearms
  2357 | Sewer    | Reached skill level 5 in Dodging
  2516 | Sewer    | Reached XP level 7. HP: 55/56 MP: 7/15
  3510 | D:3      | Found a runed translucent gate.
  3510 | D:3      | Found a runed translucent gate.
  3510 | D:3      | Identified the +5 dagger of the Hummingbird {pierce, Dex+7}
  3510 | D:3      | Noticed Kairok's ghost (amateur VSAs)
  3511 | D:3      | Found a roughly hewn altar of Beogh.
  3511 | D:3      | Found a runed translucent gate.
  3536 | D:3      | Killed Kairok's ghost
  3640 | D:4      | Reached XP level 8. HP: 5/63 MP: 12/16
  3840 | D:4      | Noticed a two-headed ogre
  4071 | D:4      | Found a staircase to the Ecumenical Temple.
  4083 | Temple   | Entered the Ecumenical Temple
  4141 | Temple   | Became a worshipper of Warmaster Okawaru
  4351 | D:4      | Found a runed translucent gate.
  4351 | D:4      | Found a runed translucent gate.
  4352 | D:4      | Found a runed translucent gate.
  4352 | D:4      | Noticed highc0's ghost (amateur HuWr)
  4378 | D:4      | Noticed a yak
  4473 | D:5      | Entered Level 5 of the Dungeon
  4983 | D:5      | Found an ancient bone altar of Kikubaaqudgha.
  4985 | D:5      | Found a blossoming altar of Fedhas.
  5319 | D:4      | Killed a two-headed ogre
  5319 | D:4      | Reached * piety under Okawaru
  5319 | D:4      | Reached ** piety under Okawaru
  5319 | D:4      | Reached skill level 6 in Dodging
  5319 | D:4      | Reached XP level 9. HP: 69/69 MP: 12/18
  5451 | D:4      | Killed highc0's ghost
  5539 | D:4      | Reached skill level 5 in Armour
  5636 | D:6      | Found a sand-covered staircase.
  5650 | Ossuary  | Entered an ossuary
  5701 | Ossuary  | Reached *** piety under Okawaru
  6005 | D:6      | Noticed Blork the orc
  6018 | D:6      | Killed Blork the orc
  6018 | D:6      | Reached skill level 5 in Invocations
  6035 | D:6      | Found a runed translucent door.
  6054 | D:6      | Reached skill level 7 in Dodging
  6085 | D:6      | Noticed Thargor's ghost (novice DEFE)
  6384 | D:7      | Reached XP level 10. HP: 77/77 MP: 20/20
  6566 | D:7      | Noticed a two-headed ogre
  6569 | D:7      | Found a transporter.
  6572 | D:7      | Noticed a cyclops
  6574 | D:7      | Found a bloodstained altar of Trog.
  6578 | D:7      | Found a transporter.
  6830 | D:7      | Found a shimmering altar of Xom.
  6831 | D:7      | Found a shadowy altar of Dithmenos.
  6938 | D:7      | Reached **** piety under Okawaru
  6938 | D:7      | Reached skill level 5 in Short Blades
  6938 | D:7      | Reached skill level 5 in Long Blades
  6938 | D:7      | Reached skill level 5 in Axes
  6938 | D:7      | Reached skill level 5 in Maces & Flails
  6938 | D:7      | Reached skill level 5 in Staves
  6938 | D:7      | Reached skill level 5 in Slings
  6938 | D:7      | Reached skill level 5 in Bows
  6938 | D:7      | Reached skill level 5 in Crossbows
  6938 | D:7      | Reached skill level 5 in Throwing
  6938 | D:7      | Reached skill level 5 in Stealth
  6938 | D:7      | Reached skill level 5 in Shields
  6938 | D:7      | Reached skill level 5 in Unarmed Combat
  6938 | D:7      | Reached skill level 5 in Evocations
  7681 | D:8      | Received a gift from Okawaru
  7731 | D:8      | Learned a level 2 spell: Blink
  7735 | D:8      | Learned a level 3 spell: Conjure Flame
  7739 | D:8      | Learned a level 3 spell: Mephitic Cloud
  8178 | D:9      | Reached skill level 8 in Dodging
  8450 | D:9      | Found a staircase to the Lair.
  9003 | D:9      | Reached ***** piety under Okawaru
  9003 | D:9      | Reached XP level 11. HP: 84/84 MP: 16/22
  9494 | D:10     | Entered Level 10 of the Dungeon
  9698 | D:10     | Reached skill level 5 in Conjurations
  9698 | D:10     | Reached skill level 5 in Hexes
  9698 | D:10     | Reached skill level 5 in Summonings
  9698 | D:10     | Reached skill level 5 in Necromancy
  9698 | D:10     | Reached skill level 5 in Translocations
  9698 | D:10     | Reached skill level 5 in Transmutations
  9698 | D:10     | Reached skill level 5 in Fire Magic
  9698 | D:10     | Reached skill level 5 in Ice Magic
  9698 | D:10     | Reached skill level 5 in Air Magic
  9698 | D:10     | Reached skill level 5 in Earth Magic
  9698 | D:10     | Reached skill level 5 in Poison Magic
  9704 | D:10     | Received a gift from Okawaru
  9709 | D:10     | Reached skill level 9 in Dodging
 10221 | D:11     | Killed an unseen horror
 10221 | D:11     | Received a gift from Okawaru
 10237 | D:11     | Noticed a red ugly thing
 10249 | D:11     | Killed a red ugly thing
 10307 | D:11     | Found a viscous altar of Jiyva.
 10331 | D:11     | Noticed a purple ugly thing
 10505 | D:11     | Noticed a cyclops
 10513 | D:11     | Killed a cyclops
 10563 | D:11     | Noticed a cyclops
 10571 | D:11     | Killed a cyclops
 10581 | D:11     | Noticed Maurice
 10597 | D:11     | Killed Maurice
 10993 | D:12     | Found a staircase to the Orcish Mines.
 11074 | D:12     | Noticed a four-headed hydra
 11080 | D:12     | Killed a four-headed hydra
 11080 | D:12     | Reached XP level 12. HP: 63/93 MP: 21/24
 11104 | D:12     | Noticed a two-headed ogre
 11116 | D:12     | Killed a two-headed ogre
 11201 | D:12     | Reached skill level 10 in Dodging
 11283 | D:12     | Noticed a death yak
 11300 | D:12     | Noticed a death yak
 11305 | D:12     | Noticed a death yak
 11307 | D:12     | Noticed a death yak
 11473 | D:12     | Killed a death yak
 11486 | D:12     | Killed a death yak
 11495 | D:12     | Killed a death yak
 11495 | D:12     | Received a gift from Okawaru
 11506 | D:12     | Killed a death yak
 12546 | D:13     | Noticed a tengu warrior
 12563 | D:13     | Killed a tengu warrior
 12577 | D:13     | Noticed a two-headed ogre
 12593 | D:13     | Killed a two-headed ogre
 12593 | D:13     | Reached skill level 11 in Dodging
 12593 | D:13     | Reached XP level 13. HP: 101/101 MP: 14/26
 12663 | D:13     | Reached ****** piety under Okawaru
 13139 | D:13     | Found the +7 mace of Variability {chain chaos}
 13140 | D:13     | Found a shimmering altar of Xom.
 13154 | D:13     | Received a gift from Okawaru
 13295 | D:13     | Found a gate to the Vaults.
 13474 | D:13     | Found a runed translucent door.
 13474 | D:13     | Found a shimmering altar of Xom.
 13474 | D:13     | Noticed Faeck's ghost (journeyman OpEE)
 13810 | D:6      | Killed Thargor's ghost
 13916 | D:7      | Received a gift from Okawaru
 13962 | D:7      | Got a jewelled plate armour
 13963 | D:7      | Identified the +0 plate armour of a volcano {rPois rC+++
                  | Slay-2} (You found it on level 7 of the Dungeon)
 14036 | Lair:1   | Entered Level 1 of the Lair of Beasts
 14121 | Lair:1   | Noticed Joseph
 14142 | Lair:1   | Killed Joseph
 14875 | Lair:2   | Found a staircase to the Snake Pit.
 15641 | Lair:3   | Received a gift from Okawaru
 15641 | Lair:3   | Reached skill level 12 in Dodging
 15816 | Lair:3   | Reached skill level 10 in Spellcasting
 15870 | Lair:3   | Reached XP level 14. HP: 105/109 MP: 25/28
 15913 | Lair:3   | Learned a level 2 spell: Slow
 16440 | Lair:4   | Found a dark tunnel.
 16443 | Volcano  | Entered a volcano
 16766 | Volcano  | Found a burning altar of Makhleb.
 16917 | Volcano  | Reached skill level 10 in Fighting
 16917 | Volcano  | Reached skill level 10 in Polearms
 17411 | Lair:4   | Noticed Kirke
 17428 | Lair:4   | Killed Kirke
 17428 | Lair:4   | Received a gift from Okawaru
 17727 | Lair:4   | Found a staircase to the Shoals.
 18213 | Lair:5   | Reached skill level 10 in Invocations
 18554 | Lair:5   | Got a jewelled shortbow
 18555 | Lair:5   | Identified the +4 shortbow "Olafoogh" {freeze, rF- MP+9
                  | Dex-3 SInv} (You found it on level 5 of the Lair of Beasts)
 18704 | Lair:5   | Found a staircase to the Slime Pits.
 18946 | Lair:6   | Entered Level 6 of the Lair of Beasts
 19696 | Lair:6   | Found a large runed translucent door.
 19787 | Lair:6   | Reached skill level 13 in Dodging
 20055 | Lair:6   | Found a large runed translucent door.
 21115 | D:14     | Received a gift from Okawaru
 21165 | D:14     | Reached XP level 15. HP: 110/117 MP: 26/29
 21466 | D:14     | Received a gift from Okawaru
 21602 | D:14     | Noticed Snorg
 21609 | D:14     | Reached skill level 10 in Armour
 21617 | D:14     | Killed Snorg
 21851 | D:15     | Entered Level 15 of the Dungeon
 21851 | D:15     | Noticed Agnes
 21880 | D:15     | Killed Agnes
 21880 | D:15     | Received a gift from Okawaru
 22096 | D:15     | Found a staircase to the Depths.
 22123 | D:15     | Received a gift from Okawaru
 22129 | D:15     | Got a jewelled crystal plate armour {god gift}
 22140 | D:15     | Identified the +10 crystal plate armour of the Insatiable
                  | Dreams {-Tele rN+ Int+3} (Okawaru gifted it to you on level
                  | 15 of the Dungeon)
 22381 | D:15     | Reached skill level 10 in Charms
 22596 | D:15     | Found a glowing golden altar of the Shining One.
 22913 | D:13     | Killed Faeck's ghost
 22913 | D:13     | Reached skill level 10 in Short Blades
 22913 | D:13     | Reached skill level 10 in Long Blades
 22913 | D:13     | Reached skill level 10 in Axes
 22913 | D:13     | Reached skill level 10 in Maces & Flails
 22913 | D:13     | Reached skill level 10 in Staves
 22913 | D:13     | Reached skill level 10 in Slings
 22913 | D:13     | Reached skill level 10 in Bows
 22913 | D:13     | Reached skill level 10 in Crossbows
 22913 | D:13     | Reached skill level 10 in Throwing
 22913 | D:13     | Reached skill level 10 in Stealth
 22913 | D:13     | Reached skill level 10 in Shields
 22913 | D:13     | Reached skill level 10 in Unarmed Combat
 22913 | D:13     | Reached skill level 10 in Evocations
 23452 | Orc:1    | Entered Level 1 of the Orcish Mines
 23470 | Orc:1    | Noticed an orc warlord
 23621 | D:12     | Killed an orc warlord
 23762 | Orc:1    | Found Byf Jaomu's Magic Scroll Shoppe.
 23777 | Orc:1    | Bought a scroll of identify for 30 gold pieces
 23777 | Orc:1    | Bought a scroll of identify for 30 gold pieces
 23994 | Orc:2    | Entered Level 2 of the Orcish Mines
 24652 | Orc:1    | Noticed Harold
 24687 | Orc:1    | Killed Harold
 24834 | Orc:1    | Found a bloodstained altar of Trog.
 25286 | Orc:2    | Reached skill level 14 in Dodging
 25755 | Orc:2    | Reached XP level 16. HP: 61/125 MP: 19/31
 25936 | Orc:2    | Found Puovit's Weapon Boutique.
 25939 | Orc:2    | Found Ugreir's Antique Weapon Shop.
 25940 | Orc:2    | Found Denat's Distillery.
 25941 | Orc:2    | Found Imutatt's Antique Armour Boutique.
 25944 | Orc:2    | Bought a potion of might for 60 gold pieces
 25953 | Orc:2    | Bought a +2 demon trident of electrocution for 594 gold
                  | pieces
 26004 | Orc:2    | Found a staircase to the Elven Halls.
 26294 | Snake:1  | Entered Level 1 of the Snake Pit
 26362 | Snake:1  | HP: 4/125 [shock serpent/bolt of electricity (16)]
 26379 | Lair:2   | Received a gift from Okawaru
 26384 | Lair:2   | Got a heavily runed ring mail {god gift}
 26397 | Lair:2   | Identified the +1 ring mail "Onuagoaf" {rC+ Str+2} (Okawaru
                  | gifted it to you on level 2 of the Lair of Beasts)
 26643 | Snake:1  | Noticed Frances
 26670 | Snake:1  | Killed Frances
 26805 | Snake:1  | Found Raumenuq's Magic Scroll Shoppe.
 26805 | Snake:1  | Found Sentusarr's Armour Emporium.
 27670 | Snake:2  | Received a gift from Okawaru
 27843 | Snake:2  | Found a runed translucent door.
 27843 | Snake:2  | Noticed Zoynir's ghost (adept CeHu)
 28055 | Snake:2  | Got a pair of smoking boots {god gift}
 28069 | Snake:2  | Identified the +0 pair of boots of Amelioration {*Contam
                  | rF- rN+++ Int+4} (Okawaru gifted it to you on level 2 of
                  | the Snake Pit)
 28387 | Snake:2  | Learned a level 4 spell: Olgreb's Toxic Radiance
 28560 | Snake:2  | Killed Zoynir's ghost
 28602 | Snake:2  | Got an encrusted ring mail
 28603 | Snake:2  | Identified the +0 ring mail of Weirdness {rC+ Stlth+} (You
                  | found it on level 2 of the Snake Pit)
 28806 | Snake:3  | Reached skill level 15 in Dodging
 28838 | Snake:3  | Reached XP level 17. HP: 133/133 MP: 33/33
 29101 | Snake:3  | Got a faintly glowing ring mail
 29102 | Snake:3  | Identified the +3 ring mail of Fanaticism {Str+3} (You
                  | found it on level 3 of the Snake Pit)
 29209 | Snake:3  | Received a gift from Okawaru
 29528 | Snake:4  | Entered Level 4 of the Snake Pit
 29641 | Snake:4  | Received a gift from Okawaru
 30361 | Snake:4  | Killed from afar by a shock serpent

Levels and vault maps discovered:
D:1:      minmay_arrival_hallway, layout_loops_ring, st_stairs_5,
          grunt_decor_arrowhead, minmay_misc_feat_square, lemuel_flame_loot_1
D:2:      layout_basic, old_standard_altar
D:3:      cheibrodos_pilgrimage, layout_loops_ring, biasface_ghost_orc_armoury,
          portal_sewer_entry_e, uniq_terence
D:4:      layout_basic, minmay_temple_entry_slanted, first_ration,
          gammafunk_ghost_necromancy, minmay_manual_macuahuitl
D:5:      layout_basic, grunt_temple_overflow_growth_and_decay
D:6:      layout_loops_ring, chequers_ossuary_entry_cave, ebering_ghost_sewer_d,
          uniq_blork_the_orc
D:7:      minmay_evil_eye, layout_basic, gammafunk_temple_overflow_arena,
          gammafunk_temple_overflow_statue
D:8:      cheibrodos_barr_body, layout_basic
D:9:      layout_basic, lair_entry_dummy, grunt_livestock
D:10:     layout_long_grid, serial_ice, serial_ice_a, serial_ice_j,
          serial_ice_e, serial_ice_n
D:11:     layout_roguey, jiyva_altar_1, uniq_maurice
D:12:     argonaut_augean_stables, layout_loops_corners, hiddenorc2_lemuel
D:13:     layout_roguey, david_vaults_4, ebering_ghost_xom,
          minmay_guarded_unrand_variability
D:14:     layout_rooms, serial_ice, serial_ice_d, serial_ice_o, serial_ice_l,
          serial_ice_h, serial_ice_m, serial_ice_b, nicolae_sextant, uniq_snorg
D:15:     gammafunk_depths_entry_grave, layout_basic, tso_metal_star, uniq_agnes
Temple:   kb_temple_of_zot
Lair:1:   layout_gridlike, uniq_joseph
Lair:2:   beast_lair_carwin_large_2, layout_loops_ring,
          guppyfry_snake_entry_island, lemuel_fruit_fields
Lair:3:   lemuel_slime, layout_gridlike, grunt_megastairs_1
Lair:4:   cheibrodos_lair_river_kwai, layout_hall_layers,
          minmay_shoals_entry_hut, nicolae_volcano_entry_lava_flow,
          minivault_25, uniq_kirke
Lair:5:   layout_gridlike, dpeg_slime_entry_corner, infiniplex_staircase_pool_2
Lair:6:   cheibrodos_lair_end_hotspot, layout_layer_cave, hibernation_bobbens
Snake:1:  layout_misc_corridors, nicolae_snake_shapes, lemuel_fruit_tree,
          minmay_shoptagon, uniq_frances
Snake:2:  layout_gridlike, gammafunk_ghost_grave
Snake:3:  layout_misc_corridors, grunt_megastairs_3
Snake:4:  minmay_snake_end_coiled, layout_misc_corridors,
          corexii_hall_statues_i, st_stairs_8
Orc:1:    layout_caves, serial_shops, nicolae_shop_statue_plus,
          trog_hazing_becter, uniq_harold
Orc:2:    st_orc_pillars, layout_caves

Skill      XL: |  1  2  3  4  5  6  7  8  9 10 11 12 13 14 15 16 17 |
---------------+----------------------------------------------------+-----
Spellcasting   | 5 6 7 8 9 10 11 12 | 12.4
Invocations    | 1 2 3 4 5 6 7 8 9 10 11 12 | 12.4
Short Blades   | 1 2 4 5 6 7 8 9 10 11 | 11.5
Long Blades    | 1 2 4 5 6 7 8 9 10 11 | 11.5
Axes           | 1 2 4 5 6 7 8 9 10 11 | 11.5
Maces & Flails | 1 2 4 5 6 7 8 9 10 11 | 11.5
Staves         | 1 2 4 5 6 7 8 9 10 11 | 11.5
Slings         | 1 2 4 5 6 7 8 9 10 11 | 11.5
Bows           | 1 2 4 5 6 7 8 9 10 11 | 11.5
Crossbows      | 1 2 4 5 6 7 8 9 10 11 | 11.5
Throwing       | 1 2 4 5 6 7 8 9 10 11 | 11.5
Stealth        | 1 2 4 5 6 7 8 9 10 11 | 11.5
Shields        | 1 2 4 5 6 7 8 9 10 11 | 11.5
Unarmed Combat | 1 2 4 5 6 7 8 9 10 11 | 11.5
Evocations     | 1 2 4 5 6 7 8 9 10 11 | 11.5
Conjurations   | 1 2 3 4 5 6 7 8 9 |  9.8
Hexes          | 1 2 3 4 5 6 7 8 9 |  9.8
Summonings     | 1 2 3 4 5 6 7 8 9 |  9.8
Necromancy     | 1 2 3 4 5 6 7 8 9 |  9.8
Translocations | 1 2 3 4 5 6 7 8 9 |  9.8
Transmutations | 1 2 3 4 5 6 7 8 9 |  9.8
Fire Magic     | 1 2 3 4 5 6 7 8 9 |  9.8
Ice Magic      | 1 2 3 4 5 6 7 8 9 |  9.8
Air Magic      | 1 2 3 4 5 6 7 8 9 |  9.8
Earth Magic    | 1 2 3 4 5 6 7 8 9 |  9.8
Poison Magic   | 1 2 3 4 5 6 7 8 9 |  9.8
Armour         | 3 4 5 6 7 8 9 10 11 | 11.7
Fighting       | 5 6 7 8 9 10 11 12 | 12.2
Polearms       | 5 6 7 8 9 10 11 12 | 12.2
Dodging        | 5 6 7 8 9 11 12 13 14 15 | 15.6
Charms         | 6 7 8 9 10 11 | 11.1

Action                   |  1- 3 |  4- 6 |  7- 9 | 10-12 | 13-15 | 16-18 || total
-------------------------+-------+-------+-------+-------+-------+-------++-------
Melee: Spear             |   121 |   229 |   168 |       |       |       ||   518
       Bite              |    12 |    24 |    50 |   122 |   382 |   138 ||   728
       Dagger            |       |       |   249 |   248 |       |       ||   497
       Punch             |       |       |     5 |    32 |       |       ||    37
       Trident           |       |       |       |   594 |   308 |       ||   902
       Quick blade       |       |       |       |       |  1763 |   291 ||  2054
       Demon trident     |       |       |       |       |       |   615 ||   615
 Fire: Hand crossbow     |       |       |       |     4 |    15 |       ||    19
Throw: Dart              |       |       |     6 |     8 |     6 |     4 ||    24
 Cast: Infusion          |     2 |       |     2 |     7 |     4 |     1 ||    16
       Shroud of Golubri |     2 |     9 |    25 |    55 |    61 |    29 ||   181
       Spectral Weapon   |       |     9 |    24 |    53 |    62 |    40 ||   188
       Song of Slaying   |       |     6 |    11 |    14 |    11 |     2 ||    44
       Regeneration      |       |     4 |    10 |    17 |    25 |    29 ||    85
       Conjure Flame     |       |       |       |     8 |    11 |     1 ||    20
       Mephitic Cloud    |       |       |       |     1 |    14 |     5 ||    20
       Blink             |       |       |       |       |     9 |     5 ||    14
       Slow              |       |       |       |       |    20 |       ||    20
       Olgreb's Toxic Ra |       |       |       |       |       |     1 ||     1
Invok: Heroism           |       |       |       |       |       |     2 ||     2
  Use: Scroll            |       |     7 |     3 |    17 |    24 |     4 ||    55
       Potion            |       |       |       |     2 |     6 |     5 ||    13
 Stab: Sleeping          |     2 |     3 |    14 |    18 |    29 |    19 ||    85
       Distracted        |       |       |     9 |     4 |    20 |    10 ||    43
       Confused          |       |       |       |     1 |    18 |     8 ||    27
  Eat: Chunk             |       |     6 |    15 |    22 |    40 |     7 ||    90
       Ration            |       |       |       |       |     1 |     3 ||     4
Armor: Leather armour    |    14 |    51 |    79 |    76 |       |       ||   220
       Ring mail         |       |       |       |    42 |     1 |   103 ||   146
       Acid dragon scale |       |       |       |    29 |   226 |    20 ||   275
Dodge: Dodged            |    51 |   134 |   264 |   617 |   746 |   604 ||  2416
Block: Buckler           |       |       |       |    23 |   384 |   264 ||   671

Table legend:
 A = Non-vault XP
 B = Vault XP
 C = Vault XP percentage of total XP
 D = Non-vault monster count
 E = Vault monster count
 F = Vault count percentage of total count
                 A         B        C        D         E       F
            +---------+---------+-------+---------+---------+-------
      Total |  134128 |   88957 |  39.9 |     691 |     401 |  36.7
            +---------+---------+-------+---------+---------+-------
        D:1 |      52 |       4 |   7.1 |      28 |       3 |   9.7
        D:2 |     148 |       0 |   0.0 |      26 |       0 |   0.0
        D:3 |     263 |     330 |  55.6 |      39 |      13 |  25.0
        D:4 |     446 |    1518 |  77.3 |      24 |       9 |  27.3
        D:5 |     343 |       0 |   0.0 |       9 |       0 |   0.0
        D:6 |     754 |     631 |  45.6 |      17 |       4 |  19.0
        D:7 |    1162 |    1906 |  62.1 |      27 |       7 |  20.6
        D:8 |     847 |     661 |  43.8 |      16 |      11 |  40.7
        D:9 |    2180 |     962 |  30.6 |      44 |       5 |  10.2
       D:10 |    1852 |     348 |  15.8 |      15 |       5 |  25.0
       D:11 |    3963 |     894 |  18.4 |      29 |       5 |  14.7
       D:12 |    9815 |    5741 |  36.9 |      44 |      45 |  50.6
       D:13 |    9396 |    6416 |  40.6 |      43 |      11 |  20.4
       D:14 |    5747 |    1780 |  23.6 |      16 |       8 |  33.3
       D:15 |    6254 |    6710 |  51.8 |      21 |       9 |  30.0
     Temple |      14 |       0 |   0.0 |       1 |       0 |   0.0
     Lair:1 |    1716 |     466 |  21.4 |      10 |       1 |   9.1
     Lair:2 |    4878 |    1079 |  18.1 |      13 |       9 |  40.9
     Lair:3 |    3784 |     604 |  13.8 |      13 |      21 |  61.8
     Lair:4 |    6474 |    5049 |  43.8 |      16 |       9 |  36.0
     Lair:5 |    3704 |       0 |   0.0 |      18 |       0 |   0.0
     Lair:6 |    2479 |    8273 |  76.9 |      10 |      30 |  75.0
    Snake:1 |   18722 |    7546 |  28.7 |      45 |       9 |  16.7
    Snake:2 |   13999 |    2034 |  12.7 |      28 |       1 |   3.4
    Snake:3 |   14935 |    2750 |  15.5 |      31 |       4 |  11.4
    Snake:4 |   14699 |   14989 |  50.5 |      32 |      31 |  49.2
      Orc:1 |    2744 |     986 |  26.4 |      34 |       7 |  17.1
      Orc:2 |    2758 |   12264 |  81.6 |      42 |      63 |  60.0
      Sewer |       0 |     369 | 100.0 |       0 |      48 | 100.0
    Ossuary |       0 |     248 | 100.0 |       0 |      16 | 100.0
    Volcano |       0 |    4399 | 100.0 |       0 |      17 | 100.0
            +---------+---------+-------+---------+---------+-------
